 Dungeon Crawl Stone Soup version 0.31-a0-1206-g41278d8d1d (webtiles) character file.

Game seed: 70749822921750849

69 bmb222 the Ruffian (level 4, 0/28 HPs)
             Began as an Octopode Shapeshifter on Dec 13, 2023.
             Slain by a cerulean imp
             ... wielding a +4 spear
             ... summoned by Natasha
              (3 damage)
             ... on level 2 of the Dungeon.
             The game lasted 00:00:51 (1475 turns).

bmb222 the Ruffian (Octopode Shapeshifter)          Turns: 1475, Time: 00:00:52

Health: 0/28       AC:  1    Str: 15    XL:     4   Next: 20%
Magic:  4/4        EV: 13    Int: 12    God:
Gold:   37         SH:  0    Dex: 11    Spells: 3/3 levels left

rFire   . .          .
                       - Unarmed
rCold   . . .        (no shield)
rNeg    . . .        (helmet currently unavailable)
rPois   .            (no amulet)
rElec   .            (no ring)
rCorr   .            (no ring)
SInv    .            (no ring)
Will    .....        (no ring)
Stlth   +++          (no ring)
HPRegen 0.24/turn    (no ring)
MPRegen 0.09/turn    (no ring)
                     (no ring)

%: no passive effects
@: beast-form
A: beast (slay +2), almost no armour, amphibious, 8 rings, camouflage 1,
gelatinous body 1, (nimble swimmer 1), tentacles
a: Begin Untransformation


You were on level 2 of the Dungeon.
You were a hulking beast.
You visited 1 branch of the dungeon, and saw 2 of its levels.

You collected 37 gold pieces.

Inventory:

Missiles
 h - a throwing net
Talismans
 b - a beast talisman
 c - a flux talisman
Scrolls
 f - a scroll of teleportation {unknown}
 g - a scroll of identify {unknown}
 i - a scroll of vulnerability {unknown}
Potions
 a - a potion of lignification
 d - a potion of ambrosia {unknown}
 e - a potion of curing {unknown}


   Skills:
 + Level 1.0 Fighting
 + Level 2.1 Dodging
 + Level 1.5 Stealth
 + Level 4.1 Unarmed Combat
 + Level 3.5 Shapeshifting


You had 3 spell levels left.
You didn't know any spells.
Your spell library was empty.

Dungeon Overview and Level Annotations

Branches:
Dungeon (2/15)

Altars:

Shops:
D:1 *(![

Annotations:
D:2 Natasha


Innate Abilities, Weirdness & Mutations

You are a hulking beast.
Your limbs bulge with bestial killing power. (Slay +2)
You cannot wear most types of armour.
You are amphibious.
You can wear up to eight rings at the same time.
Your skin changes colour to match your surroundings (Stealth+).
Your rubbery body absorbs attacks. (AC +1, EV +1)
((You are camouflaged when in or above water. (Stealth+)))
You have tentacles for arms and can constrict up to eight enemies at once.


Message History

A ball python comes into view.
A ball python is nearby!
A goblin and a worm come into view.
Found 18 gold pieces.
There are monsters nearby!
The helpless ball python fails to defend itself.
You tentacle-slap the ball python.
You kill the ball python!
The goblin shouts!
The goblin unwields a +0 club.
The goblin wields a +0 sling.
The goblin shoots a sling bullet.
The sling bullet hits you.
There are monsters nearby!
Natasha, Servant of Life and Death comes into view.
There are monsters nearby!
The goblin shoots a sling bullet.
The sling bullet closely misses you.
There are monsters nearby!
Natasha hisses angrily.
You tentacle-slap the worm. You grab the worm. You squeeze the worm!
The worm is almost dead.
You constrict the worm. The worm bites you!
An endoplasm comes into view.
There are monsters nearby!
There are monsters nearby!
You barely miss the worm.
The worm is almost dead.
You constrict the worm.
You kill the worm!
The goblin shoots a sling bullet.
The sling bullet closely misses you.
Natasha mumbles some strange words.
There are monsters nearby!
There are monsters nearby!
The cerulean imp hits you with a +2 spear.
There are monsters nearby!
The goblin shoots a sling bullet.
The sling bullet barely misses you.
The cerulean imp hits you from afar with a +2 spear.
Natasha mumbles some strange words.
The goblin shoots a sling bullet.
The sling bullet hits you!
* * * LOW HITPOINT WARNING * * *
The cerulean imp hits you from afar with a +4 spear.
You die...

..#####.....
#...........
######.....
#####..... #.........
#.........
#########.........
#.................
#h#######.........
####.###########....#
#..5.......# #....#
...''.J5.†.....#
######
...##...g......# .
#..........#
#........$.#
#..........#
#..........#


You could see 2 cerulean imps, an endoplasm and a goblin.

Vanquished Creatures
  Natasha (D:2)
  An adder (D:2)
  A worm (D:2)
  A dart slug (D:1)
  2 ball pythons
  3 endoplasms (D:1)
  A goblin (D:1)
  5 hobgoblins
  4 jackals (D:1)
  A kobold (D:1)
  A quokka (D:1)
  A bat (D:1)
  A frilled lizard (D:1)
  6 rats
29 creatures vanquished.

Notes
Turn   | Place    | Note
-------+----------+-------------------------------------------
     0 | D:1      | bmb222 the Octopode Shapeshifter began the quest for the
                  | Orb.
     0 | D:1      | Reached XP level 1. HP: 13/13 MP: 1/1
    38 | D:1      | Reached XP level 2. HP: 3/18 MP: 2/2
   145 | D:1      | Found Ykyuteem's Antique Weapon Emporium.
   190 | D:1      | Found Jeoqirum's General Store.
   567 | D:1      | Found Kuqac's Antique Armour Shop.
   582 | D:1      | Reached XP level 3. HP: 15/23 MP: 3/3
   590 | D:1      | Found Zoplac's Distillery.
  1240 | D:2      | Noticed Natasha
  1245 | D:2      | Killed Natasha
  1246 | D:2      | Reached skill level 1 in Stealth
  1253 | D:2      | Reached skill level 4 in Unarmed Combat
  1253 | D:2      | Reached XP level 4. HP: 7/28 MP: 4/4
  1468 | D:2      | Noticed Natasha
  1475 | D:2      | Slain by a cerulean imp

Illustrated notes

Levels and vault maps discovered:
D:1:      lemuel_arrival_hallway, layout_basic, serial_shops,
          nicolae_shop_industrial_runoff, shop, nicolae_shop_stone, shop
D:2:      layout_basic, uniq_natasha

Skill      XL: |  1  2  3 |
---------------+----------+-----
Stealth        | 1 |  1.5
Unarmed Combat | 4 |  4.1
Fighting       | |  1.0
Dodging        | |  2.1
Shapeshifting  | |  3.5

Action                     |  1- 3 |  4- 6 || total
---------------------------+-------+-------++-------
  Melee: Unarmed           |    47 |     9 ||    56
         Constrict         |    12 |     3 ||    15
         Tentacles         |    12 |     1 ||    13
         Punch             |     1 |       ||     1
   Stab: Sleeping          |     5 |     1 ||     6
 Armour: Skin              |    21 |     7 ||    28
  Dodge: Dodged            |    27 |     6 ||    33

Table legend: (Time is in decaauts)
 A = Elapsed time spent in this place.
 B = Non-inter-level travel time spent in this place.
 C = Inter-level travel time spent in this place.
 D = Time resting spent in this place.
 E = Time spent auto-exploring this place.
 F = Levels seen in this place.
 G = Mean time per level.
                   A        B        C        D        E       F      G
               +--------+--------+--------+--------+--------+-----+--------+
         Total |   1471 |   1454 |     17 |    181 |   1105 |   2 |  735.5 |
       Dungeon |   1471 |   1454 |     17 |    181 |   1105 |   2 |  735.5 |
               +--------+--------+--------+--------+--------+-----+--------+

Top non-repeatable levels by time:
     D:1: 1189 daAuts
     D:2: 281 daAuts
